 Dungeon Crawl Stone Soup version 0.27.1-33-g824d729ab1 (webtiles) character file.

Game seed: 9640176974009608719

91 pkoi the Ruffian (level 4, -3/38 HPs)
             Began as a Draconian Fighter on Dec 3, 2021.
             Slain by Crazy Yiuf (13 damage)
             ... on level 2 of the Dungeon.
             The game lasted 00:01:55 (3582 turns).

pkoi the Ruffian (Draconian Fighter)                Turns: 3582, Time: 00:01:56

Health: -3/38      AC:  5    Str: 25    XL:     4   Next: 33%
Magic:  4/4        EV: 10    Int:  9    God:
Gold:   98         SH:  9    Dex: 10    Spells: 3/3 levels left

rFire    + . .     SeeInvis .     - Unarmed
rCold    . . .     Faith    .   a - +0 kite shield
rNeg     . . .     Spirit   .   (armour unavailable)
rPois    .         Reflect  .   (helmet restricted)
rElec    .         Harm     .   (no cloak)
rCorr    .         Rampage  .   (no gloves)
Will     .....                  (no boots)
Stlth    +.........             (no amulet)
HPRegen  0.12/turn              f - ring of protection from fire
MPRegen  0.09/turn              j - +6 ring of strength

@: slowed, studying Poison Magic, very slow
A: AC +5, unfitting armour, cold-blooded
a: no special abilities


You were on level 2 of the Dungeon.
You visited 1 branch of the dungeon, and saw 2 of its levels.

You collected 98 gold pieces.

Inventory:

Armour
 a - a +0 kite shield (worn)
Jewellery
 f - a ring of protection from fire (left hand)
 j - a +6 ring of strength (right hand)
Scrolls
 e - 2 scrolls of teleportation
 h - a scroll of acquirement
Potions
 b - a potion of might
 c - a potion of flight {unknown}
 d - 2 potions of mutation {unknown}
 g - 2 potions of invisibility {unknown}
 i - 2 potions of curing {unknown}


   Skills:
 - Level 3.2 Fighting
 - Level 2.6 Dodging
 - Level 3.0 Shields
 + Level 4.6 Unarmed Combat


You had 3 spell levels left.
You didn't know any spells.
Your spell library contained the following spells:

 Spells                   Type           Power      Damage    Failure   Level
 Magic Dart               Conj           0%         1d3       88%         1
 Call Imp                 Summ           0%         N/A       96%         2
 Dazzling Flash           Conj/Hex       0%         N/A       99%         3
 Mephitic Cloud           Conj/Pois/Air  0%         N/A       99%         3
 Iskenderun's Mystic Bla  Conj/Tloc      0%         2d3       100%        4
 Agony                    Necr           0%         N/A       100%        5
 Silence                  Hex/Air        0%         N/A       100%        5
 Starburst                Conj/Fire      0%         6d3       100%        6


Dungeon Overview and Level Annotations

Branches:
Dungeon (2/15)

Altars:

Annotations:
D:2 Crazy Yiuf


Innate Abilities, Weirdness & Mutations

Your plain brown scales are hard. (AC +5)
You cannot fit into any form of body armour.
You are cold-blooded and may be slowed by cold attacks.


Message History

You see here a rat corpse.
Found 23 stones.
You see here 23 stones.
Found 12 gold pieces.
You now have 98 gold pieces (gained 12).
Found a scroll of acquirement.
You see here a +0 dagger.
h - a scroll of acquirement You see here a +0 club.
Could not explore, unopened runed door.
As you open the door, it creaks loudly! You block Crazy Yiuf's attack.
There is an open translucent door here.
You hit Crazy Yiuf.
Crazy Yiuf is lightly wounded.
Crazy Yiuf screams, "Scoff snockshim hand!"
You block Crazy Yiuf's attack.
You hit Crazy Yiuf. You tail-slap Crazy Yiuf.
Crazy Yiuf is heavily wounded.
Crazy Yiuf hits you with a +4 quarterstaff of chaos.
You closely miss Crazy Yiuf.
Crazy Yiuf is heavily wounded.
You block Crazy Yiuf's attack.
You barely miss Crazy Yiuf.
Crazy Yiuf is heavily wounded.
Crazy Yiuf hits you with a +4 quarterstaff of chaos.
Crazy Yiuf burns you.
You hit Crazy Yiuf.
Your tail-slap misses Crazy Yiuf.
Crazy Yiuf is heavily wounded.
Crazy Yiuf completely misses you.
You hit Crazy Yiuf but do no damage.
Crazy Yiuf is heavily wounded.
Crazy Yiuf hits you with a +4 quarterstaff of chaos!
* * * LOW HITPOINT WARNING * * *
You feel yourself slow down. Crazy Yiuf freezes you.
* * * LOW HITPOINT WARNING * * *
Crazy Yiuf hits you with a +4 quarterstaff of chaos.
* * * LOW HITPOINT WARNING * * *
You are electrocuted!
You die...

#
#.#.#....##.#
####.......
#.#.#....##.#
#..........
#.#.####.####
#..........
#†#.# #.#
#.......<..
#.#.# #.#
#####
#..........
###.#.####.#
#)..#
######.####
....#......#
#...# #..# #
.........###
#.g.# ###'###
.........#
#@# #....##
.........#
♣.♣♣ #....##
.........#
♣♣.♣ #....##
.........#
♣.♣♣
######....##
.........#
♣♣.♣
#....#.....#
.........#
♣♣.♣♣
#....#.....#
........##
♣♣.P.♣
#....#####..
........#
♣..P.♣ #..###
##) #########
#....# #..#
#<


You could see Crazy Yiuf.

Vanquished Creatures
  Robin (D:2)
  3 adders (D:2)
  2 worms (D:2)
  A dart slug (D:1)
  An orc (D:2)
  2 ball pythons (D:2)
  3 endoplasms
  A giant cockroach (D:2)
  11 goblins
  2 hobgoblins (D:1)
  2 quokkas (D:1)
  4 bats
  3 frilled lizards
  5 kobolds
  4 rats
45 creatures vanquished.

Notes
Turn   | Place    | Note
-------+----------+-------------------------------------------
     0 | D:1      | pkoi the Draconian Fighter began the quest for the Orb.
     0 | D:1      | Reached XP level 1. HP: 19/19 MP: 1/1
   287 | D:1      | Found a faded altar of an unknown god.
   396 | D:1      | Reached XP level 2. HP: 8/26 MP: 2/2
   759 | D:1      | Reached skill level 3 in Unarmed Combat
  1162 | D:2      | Reached XP level 3. HP: 7/31 MP: 3/3
  2149 | D:2      | Reached skill level 4 in Unarmed Combat
  2256 | D:2      | Noticed Robin
  2566 | D:2      | Killed Robin
  2567 | D:2      | Reached XP level 4. HP: 26/38 MP: 4/4
  2782 | D:2      | Identified a scroll of acquirement
  2782 | D:2      | Acquired a manual of Poison Magic
  3389 | D:2      | Found a runed translucent door.
  3390 | D:2      | Noticed Crazy Yiuf
  3582 | D:2      | Slain by Crazy Yiuf

Illustrated notes

Levels and vault maps discovered:
D:1:      minmay_arrival_diagonal_passages, layout_basic,
          hellmonk_ecumenical_altar_lost_god
D:2:      layout_basic, hangedman_abyss_or_decor_lesser_grid,
          uniq_crazy_yiuf_cottage, uniq_robin

Skill      XL: |  1  2  3 |
---------------+----------+-----
Unarmed Combat | 3 4 |  4.6
Fighting       | |  3.2
Dodging        | |  2.6
Shields        | |  3.0

Action                   |  1- 3 |  4- 6 || total
-------------------------+-------+-------++-------
Melee: Unarmed           |   126 |    20 ||   146
       Tailslap          |    13 |     3 ||    16
  Use: Scroll            |     1 |     3 ||     4
Armor: Skin              |    29 |     3 ||    32
Dodge: Dodged            |    61 |     6 ||    67
Block: Kite shield       |    70 |     6 ||    76
